 Dungeon Crawl Stone Soup version 0.20.0-6-gd3061e9 (webtiles) character file.

49 straycat the Skirmisher (level 3, 0/28 HPs)
             Began as a Vampire Wanderer on May 28, 2017.
             Was an Initiate of Yredelemnul.
             Slain by an adder (3 damage)
             ... on level 3 of the Dungeon.
             The game lasted 00:11:40 (2219 turns).

straycat the Skirmisher (Vampire Wanderer)          Turns: 2219, Time: 00:11:40

Health: 0/28       AC:  3    Str: 13    XL:     3   Next: 53%
Magic:  3/3        EV:  9    Int: 12    God:    Yredelemnul [......]
Gold:   39         SH:  8    Dex: 14    Spells: 2/2 levels left

rFire    . . .     SeeInvis +   b - +0 falchion
rCold    . . .     Gourm    .   a - +1 shield
rNeg     + . .     Faith    .   q - +0 leather armour
rPois    .         Spirit   .   (no helmet)
rElec    .         Reflect  .   (no cloak)
rCorr    .         Harm     .   (no gloves)
MR       .....                  (no boots)
Stlth    ++........             (no amulet)
Regen    0.1/turn               (no ring)
MPRegen  0.1/turn               (no ring)

@: no status effects
A: fangs 3, see invisible, unbreathing
a: Bat Form, Renounce Religion


You were on level 3 of the Dungeon.
You worshipped Yredelemnul.
Yredelemnul was noncommittal.
You were not thirsty.

You visited 1 branch of the dungeon, and saw 3 of its levels.

You collected 39 gold pieces.

Inventory:

Hand Weapons
 b - a +0 falchion (weapon)
 m - a +0 dagger
Missiles
 f - 45 stones (quivered)
 o - 23 arrows
 p - 8 poisoned needles
Armour
 a - a +1 shield (worn)
 d - a +0 robe
 q - a +0 leather armour (worn)
Jewellery
 t - a +4 ring of intelligence {unknown}
Scrolls
 j - a scroll of fog {unknown}
 k - a scroll of teleportation {unknown}
 l - a scroll of immolation {unknown}
 r - a scroll of identify {unknown}
Potions
 c - a potion of ambrosia
 e - 8 potions of blood
 g - 2 potions of mutation {unknown}
 h - a potion of might {unknown}
 i - 2 potions of agility {unknown}
 n - a potion of curing {unknown}
 s - a potion of brilliance {unknown}


   Skills:
 + Level 2.9 Fighting
 + Level 0.9(1.6) Short Blades
 * Level 1.9(2.0) Long Blades
   Level 1.0 Crossbows
 - Level 1.0 Throwing
 - Level 1.0 Armour
 * Level 2.3 Dodging
 + Level 2.0 Stealth
 + Level 1.3 Shields


You had 2 spell levels left.
You didn't know any spells.

Dungeon Overview and Level Annotations

Branches:
Dungeon (3/15)

Altars:
Kikubaaqudgha
Yredelemnul
The Shining One


Innate Abilities, Weirdness & Mutations

You have razor-sharp teeth.
You have supernaturally acute eyesight. (SInv)
You can survive without breathing.


Message History

You feel sick. The kobold hits you but does no damage. The kobold hits you.
* * * LOW HITPOINT WARNING * * *
You hit the kobold. You bite the kobold.
You kill the kobold!
Yredelemnul accepts your kill. The adder bites you.
* * * LOW HITPOINT WARNING * * *
You miss the adder. Your bite misses the adder. You block the adder's attack.
The adder bites you.
* * * LOW HITPOINT WARNING * * *
You miss the adder. Your bite misses the adder.
You feel sick. The adder barely misses you. The adder closely misses you.
You closely miss the adder. You block the adder's attack.
The adder bites you but does no damage.
You hit the adder but do no damage.
You feel sick.
You are no longer poisoned.
You block the adder's attack. The adder bites you.
You die...
Yredelemnul claims you as an undead slave.

#.#...#.##########
#.#%#.#.#........#
#.#...#.#........# .
##.#.#.....<......## ..
+.................+.## ...
##.#.#.#.#........#..# ....
#.#.#.#.#........##.## .....
.##.#.รท...#.....(..##..##......
................@S.$...........
...####.###........###.?###.###
.. #.........#### ##.... .
####......# #.....# #.....(....
......# #........... ......#
#..................#
#......#######.....# #........


You could see an adder.

Vanquished Creatures
  An ooze (D:2)
  A dart slug (D:1)
  A worm (D:2)
  A leopard gecko (D:1)
  An orc (D:2)
  2 ball pythons (D:1)
  2 giant cockroaches (D:2)
  4 hobgoblins
  4 jackals (D:3)
  A quokka (D:2)
  A bat (D:2)
  3 frilled lizards
  3 goblins
  6 kobolds
  6 rats
37 creatures vanquished.

Notes
Turn   | Place    | Note
-------+----------+-------------------------------------------
     0 | D:1      | straycat the Vampire Wanderer began the quest for the Orb.
     0 | D:1      | straycat set off with: a +0 shield, a +0 falchion, a potion of lignification, a +0 robe, a potion of blood
     0 | D:1      | Reached XP level 1. HP: 17/17 MP: 1/1
   229 | D:1      | Reached XP level 2. HP: 18/23 MP: 2/2
   766 | D:2      | Found an ancient bone altar of Kikubaaqudgha.
  1032 | D:2      | HP: 1/23 [kobold (4)]
  1135 | D:2      | Found a basalt altar of Yredelemnul.
  1150 | D:2      | Became a worshipper of Yredelemnul the Dark
  1218 | D:2      | Found a glowing golden altar of the Shining One.
  1286 | D:2      | Reached XP level 3. HP: 22/28 MP: 3/3
  2219 | D:3      | Slain by an adder

Skill      XL: |  1  2 |
---------------+-------+-----
Dodging        | 2 |  2.3
Stealth        | 2 |  2.0
Fighting       | |  2.9
Short Blades   | |  0.9
Long Blades    | |  1.9
Crossbows      | |  1.0
Throwing       | |  1.0
Armour         | |  1.0
Shields        | |  1.3

Action                   || total
-------------------------++-------
Melee: Falchion          ||   137
       Bite              ||    17
Throw: Stone             ||    18
  Use: Potion            ||     7
       Scroll            ||     3
 Stab: Sleeping          ||     2
Armor: Robe              ||    14
       Skin              ||     2
       Leather armour    ||    14
Dodge: Dodged            ||    48
Block: Shield            ||    52
       Rpst.: Falchion   ||    15
